 Dungeon Crawl Stone Soup version 0.27-a0-773-gaaee5cf45b (webtiles) character file.

Game seed: 17169115688701540276

61 lunkers the Magician (level 4, -1/33 HPs)
             Began as a Djinni Air Elementalist on Mar 25, 2021.
             Slain by Robin
             ... wielding a +0 whip
              (6 damage)
             ... on level 2 of the Dungeon.
             The game lasted 00:02:17 (1783 turns).

lunkers the Magician (Djinni Air Elementalist)      Turns: 1783, Time: 00:02:17

Health: -1/33      AC:  3    Str:  7    XL:     4   Next: 7%
Gold:   41         EV: 12    Int: 17    God:
                   SH:  0    Dex: 14

rFire    + + .     SeeInvis .   (no weapon)
rCold    x . .     Faith    .   (no shield)
rNeg     . . .     Spirit   .   a - +0 robe
rPois    ∞         Reflect  .   (no helmet)
rElec    .         Harm     .   c - +0 cloak
rCorr    .         Rampage  .   (no gloves)
Will     .....                  (boots unavailable)
Stlth    ++........             (no amulet)
HPRegen  0.11/turn              (no ring)
MPRegen  0.00/turn              (no ring)

@: flying
A: fire resistance 2, cold vulnerability 1, float, innate caster, hp casting,
extra vitality 1
a: no special abilities


You were on level 2 of the Dungeon.
You visited 1 branch of the dungeon, and saw 2 of its levels.

You collected 41 gold pieces.

Inventory:

Armour
 a - a +0 robe (worn)
 c - a +0 cloak (worn)
Scrolls
 b - a scroll of teleportation {unknown}
 e - a scroll of identify {unknown}
Potions
 d - 2 potions of degeneration {unknown}
 f - a potion of haste {unknown}


   Skills:
 + Level 1.8 Fighting
 - Level 2.1 Dodging
 - Level 1.5 Stealth
 * Level 3.7 Spellcasting


You couldn't memorise any spells.
You knew the following spells:

 Your Spells              Type           Power      Damage    Failure   Level
a - Shock                 Conj/Air       60%        1d6       3%          1
b - Swiftness             Air            15%        N/A       5%          2
c - Static Discharge      Conj/Air       15%        N/A       11%         3
d - Airstrike             Air            7%         N/A       34%         4
e - Lightning Bolt        Conj/Air       7%         1d20      67%         5
f - Foxfire               Conj/Fire      60%        2x1d7     3%          1
Your spell library was empty.

Dungeon Overview and Level Annotations

Branches:
Dungeon (2/15)

Altars:
Fedhas
Hepliaklqana
Trog
Uskayaw
Yredelemnul

Annotations:
D:2 Robin


Innate Abilities, Weirdness & Mutations

You are immune to poison.
Your flesh is very heat resistant. (rF++)
You are vulnerable to cold. (rC-)
You float through the air rather than walking.
You learn spells naturally, not from books.
Your magical power is your life essence.
You have superior vitality. (+4 HP)


Message History

The goblin closely misses you.
Robin's bangles clink loudly.
Casting: Shock (safe; 3% risk of failure)
Confirm with . or Enter, or press ? or * to list all spells.
The zap hits the goblin.
You kill the goblin!
Casting: Shock (safe; 3% risk of failure)
Confirm with . or Enter, or press ? or * to list all spells.
The zap hits Robin.
Robin is moderately wounded.
A hobgoblin comes into view.
Casting: Shock (safe; 3% risk of failure)
Confirm with . or Enter, or press ? or * to list all spells.
The zap hits Robin.
Robin is severely wounded.
A goblin comes into view. It is wielding a +0 club.
Casting: Shock (safe; 3% risk of failure)
Confirm with . or Enter, or press ? or * to list all spells.
The zap hits Robin.
Robin is severely wounded.
The zap misses the hobgoblin.
The zap hits the goblin.
You kill the goblin!
The zap hits the hobgoblin.
The hobgoblin is heavily wounded.
Casting: Shock (safe; 3% risk of failure)
Confirm with . or Enter, or press ? or * to list all spells.
The zap misses Robin.
The zap hits the hobgoblin.
You kill the hobgoblin!
A goblin comes into view. It is wielding a +0 dagger.
Robin hits you with a +0 whip.
Casting: Shock (safe; 3% risk of failure)
Confirm with . or Enter, or press ? or * to list all spells.
The zap misses Robin.
The hobgoblin hits you. Robin hits you with a +0 whip!
* * * LOW HITPOINT WARNING * * *
Unknown command.
Unknown command.
The hobgoblin hits you!
* * * LOW HITPOINT WARNING * * *
Robin hits you with a +0 whip.
You die...

############
#...)@†....###
#....gg..>....
#..........##
#.###.g..###
#..#.).....#
##.#._g.._.##
#...)......#
#.._[.⌠....#
#.......)..#


You could see Robin, a hobgoblin (strong) and 2 goblins.

Vanquished Creatures
  A gnoll (D:1)
  2 adders (D:2)
  2 bats (D:1)
  2 endoplasms (D:1)
  5 giant cockroaches
  8 goblins
  2 hobgoblins
  2 ball pythons (D:1)
  2 frilled lizards (D:1)
  4 kobolds
  2 rats
32 creatures vanquished.

Notes
Turn   | Place    | Note
-------+----------+-------------------------------------------
     0 | D:1      | lunkers the Djinni Air Elementalist began the quest for the
                  | Orb.
     0 | D:1      | Reached XP level 1. HP: 15/15 MP: 0/0
   171 | D:1      | Reached skill level 1 in Fighting
   171 | D:1      | Reached skill level 3 in Spellcasting
   171 | D:1      | Reached XP level 2. HP: 11/22 MP: 0/0
   724 | D:1      | Reached XP level 3. HP: 22/27 MP: 0/0
   724 | D:1      | Learned a level 1 spell: Foxfire
  1389 | D:2      | Found a hide-covered altar of Uskayaw.
  1389 | D:2      | Found a bloodstained altar of Trog.
  1389 | D:2      | Found a basalt altar of Yredelemnul.
  1436 | D:2      | Found a blossoming altar of Fedhas.
  1438 | D:2      | Found a hazy altar of Hepliaklqana.
  1464 | D:2      | Noticed Robin
  1688 | D:1      | Reached XP level 4. HP: 23/33 MP: 0/0
  1783 | D:2      | Slain by Robin

Illustrated notes

Levels and vault maps discovered:
D:1:      onia_arrival_mini_maze, layout_loops_ring
D:2:      layout_rooms, grunt_temple_overflow_open, grunt_gozag_breadcrumbs,
          serial_shops, nicolae_shop_statue_plus, uniq_terence, uniq_jessica,
          uniq_robin

Skill      XL: |  1 |
---------------+----+-----
Fighting       | 1 |  1.8
Spellcasting   | 3 |  3.7
Dodging        | |  2.1
Stealth        | |  1.5

Action                   |  1- 3 |  4- 6 || total
-------------------------+-------+-------++-------
 Cast: Shock             |    66 |     7 ||    73
Armor: Robe              |     6 |     1 ||     7
Dodge: Dodged            |    16 |     1 ||    17

Table legend: (Time is in decaauts)
 A = Elapsed time spent in this place.
 B = Non-inter-level travel time spent in this place.
 C = Inter-level travel time spent in this place.
 D = Time resting spent in this place.
 E = Time spent auto-exploring this place.
 F = Levels seen in this place.
 G = Mean time per level.
                   A        B        C        D        E       F      G
               +--------+--------+--------+--------+--------+-----+--------+
         Total |   1784 |   1734 |     50 |    286 |   1280 |   2 |  892.0 |
       Dungeon |   1784 |   1734 |     50 |    286 |   1280 |   2 |  892.0 |
               +--------+--------+--------+--------+--------+-----+--------+

Top non-repeatable levels by time:
     D:1: 1681 daAuts
     D:2: 103 daAuts
